 Dungeon Crawl Stone Soup version 0.21-b1-23-g1fb0a74c36 (console) character file.

2739 Garrluk the Skirmisher (level 9, -1/78 HPs)
             Began as a Black Draconian Transmuter on Jan 6, 2018.
             Was an Initiate of Cheibriados.
             Slain by a warg (16 damage)
             ... on level 7 of the Dungeon.
             The game lasted 00:18:03 (7004 turns).

Garrluk the Skirmisher (Black Draconian Transmuter) Turns: 7004, Time: 00:18:03

Health: -1/78      AC:  2    Str: 14    XL:     9   Next: 40%
Magic:  2/17       EV: 24    Int: 18    God:    Cheibriados [......]
Gold:   292        SH:  0    Dex: 17    Spells: 8/19 levels left

rFire    . . .     SeeInvis .     - Unarmed
rCold    . . .     Gourm    .   (shield currently unavailable)
rNeg     . . .     Faith    .   (armour unavailable)
rPois    x         Spirit   .   (helmet currently unavailable)
rElec    .         Reflect  .   (cloak currently unavailable)
rCorr    .         Harm     .   (gloves currently unavailable)
MR       .....                  (boots currently unavailable)
Stlth    ++........             (no amulet)
HPRegen  0.23/turn              (no ring)
MPRegen  0.15/turn              (no ring)

@: spider-form, very slightly contaminated, very slow
A: tiny, (breathe lightning), unfitting armour, AC +7
a: End Transformation, Bend Time, Renounce Religion


You were on level 7 of the Dungeon.
You worshipped Cheibriados.
Cheibriados was noncommittal.
You were not hungry.
You were a venomous arachnid creature.
You visited 2 branches of the dungeon, and saw 9 of its levels.
You also visited: Sewer.

You collected 292 gold pieces.

Inventory:

Missiles
 a - 135 arrows
Armour
 w - a +0 pair of gloves (melded)
 x - a +2 cloak of invisibility (melded)
Wands
 p - a wand of polymorph (17)
Scrolls
 d - 2 scrolls of noise {unknown}
 e - 5 scrolls of teleportation {unknown}
 g - 7 scrolls of remove curse {unknown}
 h - 2 scrolls of enchant armour {unknown}
 i - 4 scrolls of enchant weapon {unknown}
 j - a scroll of blinking
 k - 15 scrolls of identify {unknown}
 q - 2 scrolls of magic mapping {unknown}
 s - a scroll of amnesia {unknown}
Potions
 f - a potion of haste {unknown}
 l - 3 potions of flight
 m - 2 potions of heal wounds
 n - a potion of degeneration {unknown}
 o - a potion of might {unknown}
 r - 2 potions of curing
 t - a potion of lignification
 v - a potion of ambrosia {unknown}
Books
 b - a book of Changes

   Spells                             Type                      Level
   a - Beastly Appendage              Transmutation                1
   b - Sticks to Snakes               Transmutation                2
   c - Spider Form                    Transmutation/Poison         3
   d - Ice Form                       Ice/Transmutation            4
   e - Blade Hands                    Transmutation                5
 u - a Young Poisoner's Handbook

   Spells                             Type                      Level
   a - Sting                          Conjuration/Poison           1
   b - Poisonous Vapours              Poison/Air                   2
   c - Mephitic Cloud                 Conjuration/Poison/Air       3
   d - Olgreb's Toxic Radiance        Poison                       4
   e - Venom Bolt                     Conjuration/Poison           5
Comestibles
 c - 18 rations
 z - 2 chunks of flesh


   Skills:
 * Level 6.6 Fighting
 * Level 5.8 Dodging
 + Level 5.3 Unarmed Combat
 * Level 5.8 Spellcasting
 * Level 6.3 Transmutations


You had 8 spell levels left.
You knew the following spells:

 Your Spells              Type           Power        Failure   Level  Hunger
a - Beastly Appendage     Tmut           ####..       4%          1    None
b - Sticks to Snakes      Tmut           ####....     6%          2    None
c - Spider Form           Tmut/Pois      ###.......   24%         3    ##.....
d - Blade Hands           Tmut           ####......   45%         5    #####..


Dungeon Overview and Level Annotations

Branches:
Dungeon (8/15)             Temple (1/1) D:7
   Lair: D:8-11

Altars:
Ashenzari
Cheibriados
Dithmenos
Gozag
Hepliaklqana
Kikubaaqudgha
Nemelex Xobeh
Qazlal
Ru
Sif Muna
Uskayaw
Vehumet
Xom
Yredelemnul
Zin
The Shining One


Innate Abilities, Weirdness & Mutations

((You can breathe wild blasts of lightning.))
((Your glossy black scales are hard. (AC +7)))
You cannot fit into any form of body armour.
((You are resistant to electric shocks. (rElec)))
((You are cold-blooded and may be slowed by cold attacks.))


Message History

Your +0 pair of gloves unmelds from your body.
You become transparent for a moment.
You miss the warg. The warg closely misses you.
The warg bites you but does no damage.
Press: ? - help, v - describe, . - travel
Here: a warg The floor.
Unknown command.
Casting: Sticks to Snakes
Confirm with . or Enter, or press ? or * to list all spells.
You fail to create any snakes.
The warg barely misses you.
Casting: Sticks to Snakes
Confirm with . or Enter, or press ? or * to list all spells.
You turn into a venomous arachnid creature.
Your +2 cloak of invisibility melds into your body.
Your +0 pair of gloves melds into your body.
The warg completely misses you.
You completely miss the warg. The warg bites you!
* * * LOW HITPOINT WARNING * * *
You hit the warg but do no damage. The warg bites you!
You die...

##.# ##.. #.##
###...
##.######.....
#.....ยง.......
##.........>...
#..............
##..............
#...............
##h..............
##h#.............#
#s##............##
####...........##
#.b.........#
#...........##
##...........#
#......#....#
##....##...##
##...####...#
#.....# #...#
##....# #.).#
#...## #...#


You could see 2 wargs.

Vanquished Creatures
  A hippogriff (D:7)
  A spriggan (D:7)
  Eustachio (D:6)
  A phantom (D:5)
  3 orc warriors
  2 black bears
  3 ogres
  2 centaurs (D:5)
  A big kobold (Sewer)
  A water moccasin zombie (D:7)
  A scorpion (D:6)
  2 crimson imps (D:6)
  2 bullfrog zombies
  A gnoll shaman (D:4)
  3 orc priests
  A hound (D:5)
  An orc wizard (D:7)
  Crazy Yiuf (D:5)
  An iguana (D:5)
  5 worker ants
  Natasha (thrice) (D:3)
  A hound skeleton (D:4)
  A howler monkey zombie (D:6)
  7 gnolls
  14 adders
  2 river rats (Sewer)
  A shadow imp (D:7)
  2 oozes
  An adder zombie (D:7)
  3 worms
  A dart slug (D:1)
  6 leopard geckos
  14 orcs
  8 bats
  3 giant cockroaches
  7 goblins
  6 hobgoblins
  4 jackals
  11 kobolds
  4 quokkas
  2 ball pythons
  4 frilled lizards
  A quokka skeleton (D:6)
  7 rats
147 creatures vanquished.

Vanquished Creatures (collateral kills)
  The ghost of Ykky the Covert, a novice OpMo (D:6)
  An orc wizard (D:7)
  4 gnolls
  An adder (D:3)
  6 orcs
  A giant cockroach (D:3)
  A quokka (D:2)
15 creatures vanquished.

Grand Total: 162 creatures vanquished

Notes
Turn   | Place    | Note
-------+----------+-------------------------------------------
     0 | D:1      | Garrluk the Draconian Transmuter began the quest for the Orb.
     0 | D:1      | Reached XP level 1. HP: 16/16 MP: 3/3
   164 | D:1      | Reached XP level 2. HP: 18/23 MP: 3/5
   657 | D:2      | Reached XP level 3. HP: 29/29 MP: 4/6
   661 | D:2      | Learned a level 2 spell: Sticks to Snakes
   665 | D:2      | Learned a level 3 spell: Spider Form
  1136 | D:2      | Reached XP level 4. HP: 35/36 MP: 4/7
  1299 | D:3      | Found a glowing drain.
  1346 | Sewer    | Entered a sewer
  1488 | Sewer    | Noticed a big kobold
  1546 | Sewer    | Killed a big kobold
  1546 | Sewer    | Reached XP level 5. HP: 24/44 MP: 7/9
  1605 | Sewer    | Found a glowing silver altar of Zin.
  1675 | D:3      | Noticed Natasha
  1683 | D:3      | Killed Natasha
  1915 | D:3      | Noticed Natasha
  1927 | D:3      | Killed Natasha
  1927 | D:3      | Reached XP level 6. HP: 45/51 MP: 5/10
  2003 | D:3      | Learned a level 5 spell: Blade Hands
  2238 | D:3      | Noticed Natasha
  2243 | D:3      | Killed Natasha
  2585 | D:4      | HP: 2/52 [gnoll/vampiric whip (7)]
  2591 | D:4      | Your scales start taking on a glossy black colour.
  2591 | D:4      | Reached XP level 7. HP: 30/58 MP: 1/12
  2591 | D:4      | Gained mutation: You are resistant to electric shocks. (rElec) [Black Draconian growth]
  2927 | D:4      | Found a hazy altar of Hepliaklqana.
  3293 | D:5      | Entered Level 5 of the Dungeon
  3306 | D:5      | Found a basalt altar of Yredelemnul.
  3392 | D:5      | Found a sparkling altar of Nemelex Xobeh.
  3749 | D:5      | Got a pitted falchion
  3750 | D:5      | Identified the +9 falchion of Dismemberment {drain, Dex+4} (You found it on level 5 of the Dungeon)
  4003 | D:5      | You fall through a shaft for 2 floors!
  4019 | D:7      | Reached XP level 8. HP: 33/67 MP: 14/14
  4282 | D:6      | Reached skill level 5 in Fighting
  4302 | D:6      | Reached skill level 5 in Transmutations
  4601 | D:6      | Noticed Eustachio
  4613 | D:6      | Killed Eustachio
  4632 | D:6      | Reached skill level 5 in Dodging
  4632 | D:6      | Reached skill level 5 in Spellcasting
  4758 | D:6      | Noticed Ykky's ghost (novice OpMo)
  4796 | D:6      | Killed Ykky's ghost
  5026 | D:5      | Found a runed door.
  5030 | D:5      | Noticed Crazy Yiuf
  5036 | D:5      | Killed Crazy Yiuf
  5201 | D:5      | Reached XP level 9. HP: 75/75 MP: 2/17
  5558 | D:6      | Reached skill level 5 in Unarmed Combat
  5745 | D:7      | Found a staircase to the Ecumenical Temple.
  5749 | Temple   | Entered the Ecumenical Temple
  5838 | Temple   | Became a worshipper of Cheibriados the Contemplative
  6875 | D:8      | Found a shadowy altar of Dithmenos.
  6951 | D:8      | Noticed a two-headed ogre
  7004 | D:7      | Slain by a warg

Skill      XL: |  1  2  3  4  5  6  7  8  9 |
---------------+----------------------------+-----
Dodging        | 2 3 4 5 |  5.8
Fighting       | 2 3 4 6 |  6.6
Spellcasting   | 3 4 5 |  5.8
Transmutations | 3 4 5 6 |  6.3
Unarmed Combat | 4 5 |  5.3

Action                   |  1- 3 |  4- 6 |  7- 9 || total
-------------------------+-------+-------+-------++-------
Melee: Unarmed           |   116 |   217 |   338 ||   671
       Tailslap          |    10 |    18 |    21 ||    49
       Punch             |     1 |     1 |     2 ||     4
       Headbutt          |     2 |     3 |     5 ||    10
       Kick              |     2 |     5 |     7 ||    14
 Cast: Beastly Appendage |    10 |     9 |    14 ||    33
       Sticks to Snakes  |     2 |     9 |    18 ||    29
       Spider Form       |       |    11 |    22 ||    33
 Abil: Breathe Lightning |       |       |     1 ||     1
  Use: Potion            |       |     4 |     2 ||     6
       Scroll            |       |       |     1 ||     1
 Stab: Sleeping          |     2 |     1 |     2 ||     5
       Distracted        |       |     1 |       ||     1
  Eat: Chunk             |     1 |     7 |    18 ||    26
Armor: Skin              |    44 |    63 |    91 ||   198
Dodge: Dodged            |    85 |   168 |   315 ||   568
